 Dungeon Crawl Stone Soup version 0.31-a0-185-g9dded2c639 (webtiles) character file.

Game seed: 609076588977485680

51 qw the Shooter (level 3, -3/20 HPs)
             Began as a Deep Elf Hunter on June 22, 2023.
             Slain by Natasha (6 damage)
             ... on level 2 of the Dungeon.
             The game lasted 00:00:20 (751 turns).

qw the Shooter (Deep Elf Hunter)                     Turns: 751, Time: 00:00:20

Health: -3/20      AC:  5    Str: 10    XL:     3   Next: 58%
Magic:  5/5        EV: 13    Int: 16    God:
Gold:   107        SH:  0    Dex: 24    Spells: 2/2 levels left

rFire   . . .        Y - +0 shortbow
rCold   . . .        (shield currently unavailable)
rNeg    . . .        c - +0 leather armour
rPois   .            d - +1 helmet {Int+3}
rElec   .            (no cloak)
rCorr   .            (no gloves)
SInv    .            (no boots)
Will    .....        (no amulet)
Stlth   ++           k - +6 ring of dexterity
HPRegen 0.23/turn    (no ring)
MPRegen 0.09/turn

%: no passive effects
@: slowed, very slow
A: no striking features
a: no special abilities


You were on level 2 of the Dungeon.
You visited 1 branch of the dungeon, and saw 2 of its levels.

You collected 107 gold pieces.


   Skills:
 - Level 1.5 Fighting
 - Level 7.0 Ranged Weapons
 + Level 2.6 Dodging
 - Level 1.2 Stealth


You had 2 spell levels left.
You didn't know any spells.
Your spell library was empty.

Inventory:

Hand Weapons
 Y - a +0 shortbow (weapon)
Armour
 b - a +0 ring mail
 c - a +0 leather armour (worn)
 d - a +1 helmet of intelligence (worn)
Jewellery
 k - a +6 ring of dexterity (left hand)
Scrolls
 a - a scroll of vulnerability {unknown}
Potions
 e - a potion of attraction {unknown}
 f - a potion of enlightenment {unknown}
 g - a potion of haste {unknown}
 i - a potion of heal wounds {unknown}

Dungeon Overview and Level Annotations

Branches:
Dungeon (2/15)

Altars:

Annotations:
D:2 Natasha


Message History

You kill the goblin!
You shoot an arrow. The arrow hits the goblin!
You kill the goblin!
You shoot an arrow. The arrow hits the goblin!
You kill the goblin!
You start resting.
HP restored.
Found an escape hatch in the floor.
Found a short sword.
You now have 97 gold pieces (gained 12).
a - a scroll labelled ORA ZUGRUYLURGH You see here a +0 short sword.
b - a +0 ring mail You now have 107 gold pieces (gained 10).
Natasha, Servant of Life and Death comes into view.
Enter note:
Enter note: You shoot an arrow.
The arrow closely misses Natasha.
You shoot an arrow. The arrow closely misses Natasha.
You shoot an arrow. The arrow hits Natasha!
Natasha is severely wounded.
You shoot an arrow. The arrow closely misses Natasha.
Natasha claws you but does no damage.
You shoot an arrow. The arrow hits Natasha.
Natasha is severely wounded.
Natasha claws you.
You shoot an arrow. The arrow hits Natasha.
Natasha is severely wounded.
Natasha stares at you and mumbles some strange words.
You feel yourself slow down.
You shoot an arrow. The arrow completely misses Natasha.
Natasha mumbles some strange words.
Natasha claws you.
You shoot an arrow. The arrow hits Natasha.
Natasha is almost dead.
Natasha casts a spell at you. The magic dart hits you!
Ouch! That really hurt!
The cerulean imp barely misses you. Natasha claws you.
You die...

.. .# . .# .#.# ...#
#..## ...)
#.####...######..
#.....h5........) #@#
......). # #.###...#..#
# ######.....#...)# .
##.......####..#)######
...#####.###...#.)....##
#..#####.....#..#####...
................########
##..............).#####
#........###........##


You could see Natasha and a cerulean imp (summoned).

Vanquished Creatures
  Robin (D:2)
  A dart slug (D:1)
  5 endoplasms (D:1)
  2 giant cockroaches (D:1)
  11 goblins
  3 hobgoblins
  4 jackals (D:2)
  A kobold (D:1)
  A ball python (D:1)
  A bat (D:1)
  A frilled lizard (D:1)
  5 rats (D:1)
36 creatures vanquished.

Notes
Turn   | Place    | Note
-------+----------+-------------------------------------------
     0 | D:1      | qw the Deep Elf Hunter began the quest for the Orb.
     0 | D:1      | Reached XP level 1. HP: 12/12 MP: 3/3
     0 | D:1      | 0 ||| qw: Version: 0.3-a-9-g12657ce
     0 | D:1      | 0 ||| qw: Game counter: 1706
     0 | D:1      | 0 ||| qw: Always use a shield: true
     0 | D:1      | 0 ||| qw: God list: Okawaru
     0 | D:1      | 0 ||| qw: Allow faded altars: false
     0 | D:1      | 0 ||| qw: Do Orc after D:15 true
     0 | D:1      | 0 ||| qw: Do second Lair branch before Depths: true
     0 | D:1      | 0 ||| qw: Lair rune preference: random
     0 | D:1      | 0 ||| qw: Plans: Normal
     0 | D:1      | 0 ||| PLANNING D:1-11
    65 | D:1      | Reached XP level 2. HP: 16/16 MP: 4/4
    68 | D:1      | Reached skill level 6 in Ranged Weapons
   608 | D:1      | 608 ||| UPGRADING to +1 helmet of intelligence.
   613 | D:1      | 613 ||| UPGRADING to +6 ring of dexterity.
   614 | D:1      | 614 ||| READING scroll labelled CEDWIM ZONIMME.
   618 | D:1      | 618 ||| READING scroll labelled ZUTIYT ERCHIPP.
   619 | D:1      | 619 ||| DROPPING scroll of butterflies.
   649 | D:2      | Reached XP level 3. HP: 20/20 MP: 5/5
   675 | D:2      | Noticed Robin
   685 | D:2      | Killed Robin
   686 | D:2      | Reached skill level 7 in Ranged Weapons
   743 | D:2      | Noticed Natasha
   751 | D:2      | HP: 3/20 [Natasha/magic dart (10)]
   751 | D:2      | Slain by Natasha

Levels and vault maps discovered:
D:1:      wander_arrival_fairy_ring, layout_basic, st_stairs_4
D:2:      layout_rooms, uniq_natasha, uniq_robin, uniq_sigmund

Skill      XL: |  1  2  3 |
---------------+----------+-----
Ranged Weapons | 6 7 |  7.0
Fighting       | |  1.5
Dodging        | |  2.6
Stealth        | |  1.2

Action                     || total
---------------------------++-------
   Fire: Shortbow          ||    80
    Use: Scroll            ||     2
 Armour: Leather armour    ||     4
  Dodge: Dodged            ||     9

Table legend:
 A = Non-vault XP
 B = Vault XP
 C = Vault XP percentage of total XP
 D = Non-vault monster count
 E = Vault monster count
 F = Vault count percentage of total count
                 A         B        C        D         E       F
            +---------+---------+-------+---------+---------+-------
      Total |      40 |      34 |  45.9 |      22 |      14 |  38.9
            +---------+---------+-------+---------+---------+-------
        D:1 |      30 |       2 |   6.2 |      17 |       2 |  10.5
        D:2 |      10 |      32 |  76.2 |       5 |      12 |  70.6
            +---------+---------+-------+---------+---------+-------
